 Dungeon Crawl Stone Soup version 0.24-a0-417-g1cce26a4d2 (webtiles) character file.

Game seed: 15572670003343839479

6 Ilgrip the Vexing (level 1, 0/15 HPs)
             Began as a Demonspawn Arcane Marksman on June 11, 2019.
             Slain by a goblin (3 damage)
             ... on level 1 of the Dungeon.
             The game lasted 00:00:13 (109 turns).

Ilgrip the Vexing (Demonspawn Arcane Marksman)       Turns: 109, Time: 00:00:13

Health: 0/15       AC:  2    Str: 10    XL:     1   Next: 75%
Magic:  2/2        EV: 12    Int: 14    God:
Gold:   7          SH:  0    Dex: 13    Spells: 1/2 levels left

rFire    . . .     SeeInvis .   a - +0 hunting sling
rCold    . . .     Gourm    .   (no shield)
rNeg     . . .     Faith    .   e - +0 robe
rPois    .         Spirit   .   (no helmet)
rElec    .         Reflect  .   (no cloak)
rCorr    .         Harm     .   (no gloves)
MR       .....                  (no boots)
Stlth    +.........             (no amulet)
HPRegen  0.05/turn              (no ring)
MPRegen  0.08/turn              (no ring)

@: no status effects
A: no striking features
a: no special abilities


You were on level 1 of the Dungeon.
You were not hungry.

You visited 1 branch of the dungeon, and saw 1 of its levels.

You collected 7 gold pieces.

Inventory:

Hand Weapons
 a - a +0 hunting sling (weapon)
Missiles
 c - 8 stones
 d - 4 sling bullets (quivered)
Armour
 e - a +0 robe (worn)
Scrolls
 b - a scroll of amnesia {unknown}
Comestibles
 f - 2 rations


   Skills:
 + Level 1.0 Fighting
 + Level 1.9 Slings
 + Level 2.0 Dodging
 + Level 1.0 Spellcasting
 + Level 3.1 Hexes


You had one spell level left.
You knew the following spells:

 Your Spells              Type           Power        Failure   Level  Hunger
a - Corona                Hex            #......      8%          1    ##.....

Your spell library contained the following spells:

 Spells                   Type           Power        Failure   Level  Hunger
 Slow                     Hex            #.......     11%         2    ###....
 Inner Flame              Hex/Fire       #.......     38%         3    ####...
 Portal Projectile        Hex/Tloc       #.....       38%         3    ####...
 Cause Fear               Hex            #.........   58%         4    #####..
 Leda's Liquefaction      Hex/Erth       #.........   80%         4    #####..


Dungeon Overview and Level Annotations

Branches:
Dungeon (1/15)

Altars:


Message History

Press: ? - help, Shift-Dir - straight line, f/p - kobold
Aim: a kobold (severely wounded)
You shoot a sling bullet. The sling bullet hits the kobold!
You kill the kobold!
Firing (i - inventory. (/) - cycle)
d - 6 sling bullets (quivered)
Press: ? - help, Shift-Dir - straight line, f - goblin
Aim: a goblin (heavily wounded)
You shoot a sling bullet.
The sling bullet closely misses the goblin.
The sling bullet barely misses the hobgoblin.
The goblin barely misses you.
Unknown command.
Firing (i - inventory. (/) - cycle)
d - 5 sling bullets (quivered)
Press: ? - help, Shift-Dir - straight line, f/p - goblin
Aim: a goblin (heavily wounded)
You shoot a sling bullet.
The sling bullet hits the goblin but does no damage.
The goblin is heavily wounded.
The goblin hits you.
You die...

..................†.##########
........#.......(..##
........#..........#
...................#
........#.#####....#
..........# #....# .........##
#.g..# ((.(.()..# ##g###
......((.# #@# .....[.....
#..# ###.........# ...#
#...$........##.#
#.(.......##. .# ###.......#?
.# #.....#.## (# ##


You could see a hobgoblin and a goblin.

Vanquished Creatures
  A leopard gecko (D:1)
  A bat (D:1)
  A hobgoblin (D:1)
  A kobold (D:1)
4 creatures vanquished.

Notes
Turn   | Place    | Note
-------+----------+-------------------------------------------
     0 | D:1      | Ilgrip the Demonspawn Arcane Marksman began the quest for
                  | the Orb.
     0 | D:1      | Reached XP level 1. HP: 15/15 MP: 2/2
   109 | D:1      | Slain by a goblin

Levels and vault maps discovered:
D:1:      mrwooster_arrival_statue_3, layout_rooms, minmay_pentomino_u2

Skill      XL: |  1 |
---------------+----+-----
Dodging        | 2 |  2.0
Fighting       | |  1.0
Slings         | |  1.9
Spellcasting   | |  1.0
Hexes          | |  3.1

Action                   || total
-------------------------++-------
 Fire: Hunting sling     ||    20
Armor: Robe              ||     2
Dodge: Dodged            ||     9

Table legend:
 A = Non-vault XP
 B = Vault XP
 C = Vault XP percentage of total XP
 D = Non-vault monster count
 E = Vault monster count
 F = Vault count percentage of total count
                 A         B        C        D         E       F
            +---------+---------+-------+---------+---------+-------
      Total |       7 |       2 |  22.2 |       3 |       1 |  25.0
            +---------+---------+-------+---------+---------+-------
        D:1 |       7 |       2 |  22.2 |       3 |       1 |  25.0
            +---------+---------+-------+---------+---------+-------
